 Dungeon Crawl Stone Soup version 0.17-a0-1646-geb1493d (webtiles) character file.

51 matakusis the Skirmisher (level 3, -12/29 HPs)
             Began as a Demonspawn Abyssal Knight on Aug 9, 2015.
             Was a Believer of Lugonu.
             Mangled by an ogre
             ... wielding a +0 giant spiked club
              (17 damage)
             ... on level 2 of the Dungeon.
             The game lasted 00:08:50 (1924 turns).

matakusis the Skirmisher (DsAK)                     Turns: 1924, Time: 00:08:50

Health: -12/29     AC:  8    Str: 13    XL:     3   Next: 57%
Magic:  5/5        EV: 11    Int: 18    God:    Lugonu [**....]
Gold:   133        SH:  0    Dex: 12    Spells: 0 memorised, 2 levels left

rFire  . . .     SeeInvis .     u - +1 short sword (protect)
rCold  . . .     Clarity  .     b - +0 leather armour
rNeg   . . .     SustAt   .     (no shield)
rPois  .         Gourm    .     (no helmet)
rElec  .         Spirit   .     (no cloak)
rCorr  .         Warding  .     (no gloves)
rMut   .         Stasis   .     (no boots)
MR     +....                    (no amulet)
Stlth  ++........               (no ring)
                                i - ring of protection from magic

@: brilliant, somewhat resistant to hostile enchantments, unstealthy
A: nightstalker 1
a: Depart the Abyss, Bend Space, Renounce Religion


You were on level 2 of the Dungeon.
You worshipped Lugonu.
Lugonu was pleased with you.
You were not hungry.

You visited 1 branch of the dungeon, and saw 3 of its levels.
You visited the Abyss 1 time.

You collected 133 gold pieces.

Inventory:

Hand weapons
 a - a +1 hand axe
 u - a +1 short sword of protection (weapon)
Missiles
 k - 4 tomahawks of returning (quivered)
Armour
 b - a +0 leather armour (worn)
Jewellery
 i - a ring of protection from magic (left hand)
Scrolls
 d - a scroll of enchant weapon {unknown}
 e - 4 scrolls of identify {unknown}
 h - a scroll of remove curse {unknown}
 r - a scroll of teleportation {unknown}
Potions
 f - a potion of agility {unknown}
 j - a potion of magic {unknown}
 l - a potion of brilliance
 m - 2 potions of curing {unknown}
 p - a potion of mutation {unknown}
 q - a potion of degeneration {unknown}
 t - a potion of lignification {unknown}
Comestibles
 c - 2 bread rations
 g - 3 meat rations
 n - a royal jelly
 o - a slice of pizza
 s - 6 chunks of flesh


   Skills:
 + Level 3.5 Fighting
 + Level 2.1 Axes
 + Level 0.8 Throwing
 + Level 2.1 Armour
 + Level 1.4 Dodging
 + Level 0.2 Stealth
 + Level 2.8 Invocations


You had 2 spell levels left.
You didn't know any spells.

Dungeon Overview and Level Annotations

Branches:
Dungeon (3/15)

Altars:
Ashenzari
Trog
Vehumet


Innate Abilities, Weirdness & Mutations

You are slightly more attuned to the shadows.


Message History

Ouch! That really hurt!
* * * LOW HITPOINT WARNING * * *
A ball python comes into view.
Use which ability? (? or * to list)
You aren't in the Abyss!
Drink which item? (? for menu, Esc to quit)
Okay, then.
Read which item? (? for menu, Esc to quit)
Okay, then.
Drink which item? (? for menu, Esc to quit)
It was a potion of brilliance.
You feel clever all of a sudden.
You see here a mace.
There is a stone staircase leading up here.
The ogre barely misses you.
You climb upwards.
There is a stone staircase leading down here.
The ogre hits you with a giant spiked club!
Ouch! That really hurt!
You die...

####
#.######.##.#..######.#.####
...# #.#
#.##.#..##........... .#.#
#.# #..#.#..##.....#.####
.#.###.#
#..#.#..##.....'.....
)#.....####
#....#..##.....#.####
..........#
#.#..#..######.#.#
..........#
#.#..#.........#.#
..........#
#.#..#.#########.#
..........#
#.##@#...........#
..........#
#..O>#############
..........# ######
..........# ###########
..........# #.........#
..........# #.........#
.....>....# #.........#
..........# #.........#
..........# #.........#


You could see an ogre.

Vanquished Creatures
  An adder (D:2)
  A worm (D:3)
  A giant gecko (D:2)
  4 giant cockroaches
  8 goblins
  6 hobgoblins
  A jackal (D:1)
  A ball python (D:1)
  6 bats
  2 giant newts
  A kobold (D:2)
  4 rats
36 creatures vanquished.

Notes
Turn   | Place    | Note
--------------------------------------------------------------
     0 | Abyss:1  | matakusis the Demonspawn Abyssal Knight began the quest for the Orb.
     0 | Abyss:1  | Reached XP level 1. HP: 18/18 MP: 2/2
     7 | Abyss:1  | Found a corrupted altar of Lugonu.
    58 | D:1      | Escaped the Abyss
   321 | D:1      | Reached skill level 1 in Dodging
   321 | D:1      | Gained mutation: You are slightly more attuned to the shadows. [demonic ancestry]
   321 | D:1      | Reached XP level 2. HP: 24/24 MP: 3/3
   575 | D:1      | Acquired Lugonu's second power
  1125 | D:2      | Reached XP level 3. HP: 18/29 MP: 5/5
  1368 | D:2      | Found a faded altar to an unknown god.
  1519 | D:2      | Found a bloodstained altar of Trog.
  1522 | D:2      | Found a radiant altar of Vehumet.
  1525 | D:2      | Found a shattered altar of Ashenzari.
  1877 | D:3      | Noticed an ogre
  1882 | D:3      | HP: 1/29 [ogre/giant spiked club (20)]
  1924 | D:2      | Mangled by an ogre

Vault maps used:
D:1:      dpeg_arrival_brainrot
D:2:      grunt_temple_overflow_diamond, ecumenical_altar_1, first_bread

Action                   || total
-------------------------++-------
Melee: Hand axe          ||   103
       Short sword       ||     1
Throw: Tomahawk          ||    29
  Use: Potion            ||     1
 Stab: Sleeping          ||     2
  Eat: Chunk             ||     3
